 Seeded DCSS version 0.29-a0-559-g359e09b9d1 (webtiles) character file.

Game seed: 8572682691686822440 (custom seed)

1074 happo123 the Covert (level 8, 45/45 HPs)
             Began as a Vampire Enchanter on June 10, 2022.
             Was an Initiate of Wu Jian.
             Quit the game on level 6 of the Dungeon.
             The game lasted 00:16:27 (4728 turns).

happo123 the Covert (Vampire Enchanter)             Turns: 4728, Time: 00:16:28

Health: 45/45      AC:  8    Str:  7    XL:     8   Next: 7%
Magic:  4/13       EV: 13    Int: 19    God:    Wu Jian [......]
Gold:   297        SH:  0    Dex: 15    Spells: 2/13 levels left

rFire   . . .      SeeInvis +   a - +1 dagger
rCold   + + .      Faith    .   f - orb {guile}
rNeg    + + +      Spirit   .   b - +0 robe
rPois   ∞          Reflect  .   p - +1 helmet
rElec   .          Harm     .   (no cloak)
rCorr   .          Rampage  .   B - +2 pair of gloves
Will    .....                   e - +0 pair of boots
Stlth   ++++++....              (no amulet)
HPRegen 0.00/turn               (no ring)
MPRegen 0.13/turn               (no ring)

@: freezing walls, bloodless, inhibited regen
A: bloodless, fangs 3, see invisible, vampiric 2
a: Bat Form, Revivify, Renounce Religion


You were on level 6 of the Dungeon.
You worshipped Wu Jian.
Wu Jian was noncommittal.
You visited 2 branches of the dungeon, and saw 7 of its levels.

You collected 297 gold pieces.

Inventory:

Hand Weapons
 a - a +1 dagger (weapon)
Missiles
 z - a throwing net
Armour
 b - a +0 robe (worn)
 e - a +0 pair of boots (worn)
 f - an orb of guile (worn)
 p - a +1 helmet (worn)
 v - a +0 pair of gloves
 B - a +2 pair of gloves (worn)
Magical Staves
 w - a staff of fire
Jewellery
 i - an amulet of regeneration
Wands
 r - a wand of polymorph (6)
 C - a wand of paralysis (7)
Scrolls
 d - 4 scrolls of fear {unknown}
 g - a scroll of magic mapping {unknown}
 j - a scroll of blinking {unknown}
 k - 6 scrolls of teleportation {unknown}
 m - a scroll of summoning
 q - a scroll of enchant weapon {unknown}
 t - 2 scrolls of identify {unknown}
 x - a scroll of vulnerability {unknown}
 y - a scroll of noise {unknown}
 E - a scroll of brand weapon {unknown}
 F - a scroll of poison {unknown}
Potions
 c - 2 potions of invisibility
 h - a potion of curing {unknown}
 l - a potion of heal wounds {unknown}
 n - a potion of resistance {unknown}
 o - a potion of flight {unknown}
 s - 2 potions of ambrosia {unknown}
 u - a potion of lignification {unknown}
 A - a potion of haste {unknown}
 D - a potion of magic {unknown}


   Skills:
 + Level 2.4 Fighting
 + Level 3.4 Short Blades
 + Level 3.9 Dodging
 * Level 8.4 Stealth
 + Level 3.3 Spellcasting
 * Level 7.8 Hexes
 + Level 2.8 Ice Magic


You had 2 spell levels left.
You knew the following spells:

 Your Spells              Type           Power      Damage    Failure   Level
a - Ensorcelled Hibernat  Hex/Ice        46%        N/A       2%          2
b - Confusing Touch       Hex            33%        N/A       1%          3
c - Tukima's Dance        Hex            33%        N/A       1%          3
d - Frozen Ramparts       Ice            26%        1d4       14%         3

Your spell library contained the following spells:

 Spells                   Type           Power      Damage    Failure   Level
 Freeze                   Ice            52%        1d7       4%          1
 Dazzling Flash           Conj/Hex       36%        N/A       9%          3
 Hailstorm                Conj/Ice       8%         3d4       63%         4


Dungeon Overview and Level Annotations

Branches:
Dungeon (6/15)             Temple (1/1) D:5

Altars:
Ashenzari
Cheibriados
Dithmenos
Elyvilon
Fedhas
Gozag
Hepliaklqana
Kikubaaqudgha
Makhleb
Nemelex Xobeh
Okawaru
Qazlal
Ru
Sif Muna
Trog
Uskayaw
Vehumet
Wu Jian
Yredelemnul
Zin
The Shining One


Innate Abilities, Weirdness & Mutations

You do not regenerate when monsters are visible.
You are frail without blood (-20% HP).
You can heal yourself when you bite living creatures.
You are immune to poison.
You have razor-sharp teeth.
You have supernaturally acute eyesight. (SInv)
You are afflicted with vampirism and can become a bat while bloodless.


Message History

You barely miss the orc.
The orc is moderately wounded.
The wall freezes the orc. x2; The orc hits you with a +0 falchion.
The wall freezes the orc warrior.
You hit the orc.
The orc is almost dead.
The wall freezes the orc.
You kill the orc!
The Council accepts your kill.
The wall freezes the orc warrior.
The wall freezes the orc.
You closely miss the orc warrior. Your bite misses the orc warrior.
The orc warrior is moderately wounded.
The orc priest invokes the aid of Beogh against you.
Beogh smites you!
The wall freezes the orc warrior.
The orc warrior misses you.
The wall freezes the orc.
Casting: Frozen Ramparts (dangerous; 14% risk of failure)
Confirm with . or Enter, or press ? or * to list all spells.
Aiming: Tukima's Dance (safe; 1% risk of failure)
Press: ? - help, Shift-Dir - straight line, f - orc warrior
Aim: an orc warrior, wielding a +0 battleaxe and wearing a +0 plate armour (moderately wounded, chance to affect: 78%)
The orc warrior resists with significant effort.
The wall freezes the scorpion.
The wall freezes the orc.
You kill the orc!
The Council accepts your kill.
The wall freezes the orc warrior.
The orc warrior hits you with a +0 battleaxe.
* * * LOW HITPOINT WARNING * * *
Casting: Tukima's Dance (safe; 1% risk of failure)
Confirm with . or Enter, or press ? or * to list all spells.
Aiming: Tukima's Dance (safe; 1% risk of failure)
Press: ? - help, Shift-Dir - straight line, f/p - orc warrior
Aim: an orc warrior, wielding a +0 battleaxe and wearing a +0 plate armour (heavily wounded, chance to affect: 78%)
The +0 battleaxe dances into the air!
The wall freezes the orc priest.
The orc priest mumbles some strange prayers to Beogh against you.
Beogh smites you!
Your necklace shatters, unleashing a wave of protective dreams!
You dream of health, friendship, and clouds.
The wall freezes the orc warrior.
The orc warrior closely misses you.
Unknown command.
Are you sure you want to abandon this character and quit the game? (Confirm with "yes".)

#####..........#
...............#
##.............#
...............#
#.............#
#.....o......##
#..............
#.#######o.##.###.
#....S(@on........
##########.#.....
#.+ .... #.# ...
#.# .. #.# .
######.# #......#
###.######.


You could see an orc warrior (ally target), an orc priest, a friendly necrophage
(summoned), a friendly +0 battleaxe and a friendly adder (summoned).

Vanquished Creatures
  Grinder (D:3)
  Menkaure (D:4)
  A sky beast (D:6)
  A phantom (D:4)
  A necrophage (D:5)
  A scorpion (D:4)
  2 orc priests (D:5)
  4 hounds
  Jessica (D:3)
  An iguana (D:4)
  2 orc wizards (D:5)
  4 gnolls (D:5)
  8 adders
  An ufetubus (D:4)
  3 worms
  4 dart slugs
  6 orcs
  8 ball pythons
  6 endoplasms
  A giant cockroach (D:2)
  3 goblins
  5 hobgoblins
  2 quokkas
  7 bats
  4 frilled lizards
  9 kobolds
  8 rats
95 creatures vanquished.

Notes
Turn   | Place    | Note
-------+----------+-------------------------------------------
     0 | D:1      | happo123 the Vampire Enchanter began the quest for the Orb.
     0 | D:1      | Reached XP level 1. HP: 13/13 MP: 3/3
    50 | D:1      | Found a faded altar of an unknown god.
   267 | D:1      | Reached XP level 2. HP: 19/19 MP: 5/5
   270 | D:1      | Learned a level 2 spell: Ensorcelled Hibernation
   922 | D:2      | Reached skill level 5 in Stealth
  1086 | D:2      | Gained mutation: You are afflicted with vampirism and can
                  | become a bat while bloodless. [Vampire growth]
  1086 | D:2      | Reached XP level 3. HP: 20/20 MP: 6/6
  1136 | D:2      | Reached skill level 5 in Hexes
  1614 | D:2      | Reached XP level 4. HP: 23/24 MP: 7/7
  2044 | D:3      | Learned a level 3 spell: Confusing Touch
  2152 | D:3      | Noticed Grinder
  2165 | D:3      | Killed Grinder
  2166 | D:3      | Reached skill level 1 in Fighting
  2166 | D:3      | Reached skill level 6 in Stealth
  2166 | D:3      | Reached skill level 1 in Ice Magic
  2166 | D:3      | Reached XP level 5. HP: 25/29 MP: 4/9
  2166 | D:3      | Reached XP level 6. HP: 29/34 MP: 4/10
  2187 | D:3      | Learned a level 3 spell: Tukima's Dance
  2544 | D:3      | Noticed Jessica
  2549 | D:3      | Killed Jessica
  3019 | D:4      | Reached skill level 7 in Stealth
  3049 | D:4      | Noticed Menkaure
  3085 | D:4      | Killed Menkaure
  3086 | D:4      | Reached XP level 7. HP: 34/39 MP: 7/11
  3365 | D:5      | Entered Level 5 of the Dungeon
  3422 | D:5      | Found a staircase to the Ecumenical Temple.
  3431 | Temple   | Entered the Ecumenical Temple
  3434 | Temple   | Became a worshipper of the Wu Jian Council
  3914 | D:5      | Reached skill level 8 in Stealth
  4096 | D:5      | Learned a level 3 spell: Frozen Ramparts
  4628 | D:5      | Found the dreamshard necklace {*Dream Drain}
  4683 | D:6      | Reached XP level 8. HP: 45/45 MP: 9/13
  4728 | D:6      | Quit the game

Illustrated notes

Levels and vault maps discovered:
D:1:      ncdulo_lavacross, layout_basic, serial_rivers,
          chequers_serial_rivers_marsh, chequers_serial_rivers_micro_c,
          chequers_serial_rivers_large_a, chequers_serial_rivers_small_a,
          chequers_serial_rivers_micro_e, chequers_serial_rivers_room_b,
          ebering_ecumenical_altar_box, serial_bayou_ford_a
D:2:      layout_loops_ring, minmay_surrounded
D:3:      layout_loops_ring, item_on_display_b, uniq_jessica, uniq_grinder
D:4:      layout_rooms, uniq_menkaure
D:5:      layout_loops_corners, minmay_temple_entry_large_hall, minivault_27,
          chequers_decorated_corner
D:6:      layout_basic, mainiacjoe_overflow_cross_hatched, serial_shops,
          nicolae_take_the_stairs, hangedman_decor_growths
Temple:   dpeg_three_leaves_temple

Skill      XL: |  1  2  3  4  5  6  7 |
---------------+----------------------+-----
Stealth        | 5 6 7 8 |  8.4
Hexes          | 5 6 7 |  7.8
Fighting       | 1 2 |  2.4
Short Blades   | 2 3 |  3.4
Ice Magic      | 1 2 |  2.8
Dodging        | 3 |  3.9
Spellcasting   | 3 |  3.3

Action                   |  1- 3 |  4- 6 |  7- 9 || total
-------------------------+-------+-------+-------++-------
Melee: Dagger            |    81 |    62 |    64 ||   207
       Bite              |     5 |     3 |     1 ||     9
 Cast: Ensorcelled Hiber |    15 |    14 |    25 ||    54
       Confusing Touch   |       |     2 |     1 ||     3
       Tukima's Dance    |       |       |     2 ||     2
       Frozen Ramparts   |       |       |     1 ||     1
Invok: Lunge             |       |       |     7 ||     7
 Abil: Exsanguinate      |     1 |       |       ||     1
 Stab: Sleeping          |    26 |    23 |    20 ||    69
       Distracted        |     1 |       |       ||     1
       Confused          |       |     4 |     1 ||     5
Armor: Robe              |    16 |    10 |     7 ||    33
Dodge: Dodged            |    31 |    27 |    26 ||    84

Table legend: (Time is in decaauts)
 A = Elapsed time spent in this place.
 B = Non-inter-level travel time spent in this place.
 C = Inter-level travel time spent in this place.
 D = Time resting spent in this place.
 E = Time spent auto-exploring this place.
 F = Levels seen in this place.
 G = Mean time per level.
                   A        B        C        D        E       F      G
               +--------+--------+--------+--------+--------+-----+--------+
         Total |   4740 |   4389 |    351 |     84 |   3406 |   7 |  677.1 |
       Dungeon |   4660 |   4324 |    336 |     84 |   3351 |   6 |  776.7 |
        Temple |     80 |     65 |     15 |      0 |     55 |   1 |   80.0 |
               +--------+--------+--------+--------+--------+-----+--------+

Top non-repeatable levels by time:
     D:5: 1220 daAuts
     D:1: 992 daAuts
     D:3: 940 daAuts
     D:2: 896 daAuts
     D:4: 554 daAuts
  Temple: 80 daAuts
     D:6: 55 daAuts
